| TOP OF THE 1ST |
|
Houston Astros batting - Pitching for Oakland Athletics : RHP Corbin Schenn
|
|
Pitching: RHP Corbin Schenn
|
|
|
Batting: RHB Jesse Scott
|
0-0: Ball 1-0: Ball 2-0: Ball 3-0: Called Strike 3-1: Called Strike 3-2: Foul Ball, location: 2F 3-2: Fly out, F2 (Popup, 23F, EV 94.4 MPH)
|
|
Batting: LHB Eric Katz
|
0-0: Called Strike 0-1: Ball 1-1: Ball 2-1: Ball 3-1: Ground out U3 (Groundball, 13, EV 85.6 MPH)
|
|
Batting: LHB Jack Christie
|
0-0: Ball 1-0: Ball 2-0: Foul Ball, location: 2F 2-1: SINGLE (Groundball, 4M, EV 108.1 MPH) (infield hit)
|
|
Batting: LHB Bryce Hill
|
0-0: Ball 1-0: Called Strike 1-1: Ball 2-1: Called Strike 2-2: Strikes out swinging
|
| Top of the 1st over - 0 runs, 1 hit, 0 errors, 1 left on base; Houston 0 - Oakland 0 |
| BOTTOM OF THE 1ST |
|
Oakland Athletics batting - Pitching for Houston Astros : RHP Moises Hernandez Jr.
|
|
Pitching: RHP Moises Hernandez Jr.
|
|
|
Batting: LHB R.J. O'Brien
|
0-0: Called Strike 0-1: Ground out 6-3 (Groundball, 6, EV 103.1 MPH)
|
|
Batting: RHB Robby Juarez
|
0-0: SINGLE (Groundball, 56D, EV 104.4 MPH)
|
|
Batting: LHB Bob Branham
|
0-0: Called Strike Robby Juarez steals 2nd base 0-1: Called Strike 0-2: Foul Ball, location: 2F 0-2: Strikes out swinging
|
|
Batting: RHB Jorge Severiano
|
0-0: Foul Ball, location: 2F 0-1: Ball 1-1: Foul Ball, location: 2F 1-2: Ball 2-2: DOUBLE (Groundball, 5L, EV 103.1 MPH) Robby Juarez scores
|
|
Batting: SHB Quincy Bradford
|
0-0: Ball 1-0: Ball 2-0: Ground out 4-3 (Groundball, 34D, EV 88.1 MPH)
|
| Bottom of the 1st over - 1 run, 2 hits, 0 errors, 1 left on base; Houston 0 - Oakland 1 |
| TOP OF THE 2ND |
|
Houston Astros batting - Pitching for Oakland Athletics : RHP Corbin Schenn
|
|
Batting: LHB Mark Dearth
|
0-0: Ball 1-0: Foul Ball, location: 2F 1-1: Ground out 6-3 (Groundball, 6, EV 81.2 MPH)
|
|
Batting: LHB Josh Corkery
|
0-0: Foul Ball, location: 2F 0-1: Ball 1-1: Ball 2-1: Ball 3-1: Foul Ball, location: 2F 3-2: Foul Ball, location: 2F 3-2: Base on Balls
|
|
Batting: RHB Eric Chotkowski
|
0-0: Ball 1-0: Called Strike 1-1: Ball 2-1: Foul Ball, location: 2F 2-2: Foul Ball, location: 2F 2-2: Reached on error, E5 (Groundball, 5, EV 91.9 MPH) Josh Corkery to second
|
|
Batting: SHB Paskar Adegoke
|
0-0: Called Strike 0-1: Ball 1-1: Ground out 3-1 (Groundball, 13, EV 84.4 MPH) Josh Corkery to third Eric Chotkowski to second
|
|
Batting: SHB Alvare Bairro
|
0-0: Called Strike 0-1: Ball 1-1: Swinging Strike 1-2: Ball 2-2: Ball 3-2: Ground out U3 (Groundball, 3, EV 111.9 MPH)
|
| Top of the 2nd over - 0 runs, 0 hits, 1 error, 2 left on base; Houston 0 - Oakland 1 |
| BOTTOM OF THE 2ND |
|
Oakland Athletics batting - Pitching for Houston Astros : RHP Moises Hernandez Jr.
|
|
Batting: LHB Tom Butterbaugh
|
0-0: Ball 1-0: Called Strike 1-1: Ball 2-1: Ball 3-1: Swinging Strike 3-2: Fly out, F9 (Flyball, 9, EV 89.4 MPH)
|
|
Batting: LHB Jeff Luvisi
|
0-0: Fly out, F9 (Line Drive, 9LS, EV 94.4 MPH)
|
|
Batting: LHB Juan Concepcion
|
0-0: Ball 1-0: Ground out 6-3 (Groundball, 4M, EV 90.0 MPH)
|
| Bottom of the 2nd over - 0 runs, 0 hits, 0 errors, 0 left on base; Houston 0 - Oakland 1 |
| TOP OF THE 3RD |
|
Houston Astros batting - Pitching for Oakland Athletics : RHP Corbin Schenn
|
|
Batting: RHB Jesse Scott
|
0-0: DOUBLE (Line Drive, 8RXD, EV 110.0 MPH)
|
|
Batting: LHB Eric Katz
|
0-0: Bunt missed! 0-1: Sac Bunt to 15S - play at first, batter OUT! 1-4 Jesse Scott to third
|
|
Batting: LHB Jack Christie
|
0-0: Ball 1-0: Swinging Strike 1-1: Swinging Strike 1-2: Ball 2-2: Ball 3-2: Strikes out looking
|
|
Batting: LHB Bryce Hill
|
0-0: Called Strike 0-1: Fly out, F5 (Popup, 5SF, EV 87.5 MPH)
|
| Top of the 3rd over - 0 runs, 1 hit, 0 errors, 1 left on base; Houston 0 - Oakland 1 |
| BOTTOM OF THE 3RD |
|
Oakland Athletics batting - Pitching for Houston Astros : RHP Moises Hernandez Jr.
|
|
Batting: RHB Nick Gentzel
|
0-0: Called Strike 0-1: Swinging Strike 0-2: Ball 1-2: Strikes out swinging
|
|
Batting: LHB R.J. O'Brien
|
0-0: Ball 1-0: Ball 2-0: Ball 3-0: Foul Ball, location: 2F 3-1: DOUBLE (Groundball, 3L, EV 106.9 MPH)
|
|
Batting: RHB Robby Juarez
|
0-0: Ball 1-0: Foul Ball, location: 2F 1-1: Called Strike 1-2: Ball 2-2: Foul Ball, location: 2F 2-2: Ball 3-2: Foul Ball, location: 2F 3-2: Hit by Pitch
|
|
Batting: LHB Bob Branham
|
0-0: Grounds into double play, U6-3 (Groundball, 4MD, EV 78.1 MPH)
|
| Bottom of the 3rd over - 0 runs, 1 hit, 0 errors, 1 left on base; Houston 0 - Oakland 1 |
| TOP OF THE 4TH |
|
Houston Astros batting - Pitching for Oakland Athletics : RHP Corbin Schenn
|
|
Batting: LHB Mark Dearth
|
0-0: Ball 1-0: Ball 2-0: Ground out 5-3 (Groundball, 56S, EV 85.6 MPH)
|
|
Batting: LHB Josh Corkery
|
0-0: Ball 1-0: Foul Ball, location: 2F 1-1: SINGLE (Line Drive, 89S, EV 88.8 MPH)
|
|
Batting: RHB Eric Chotkowski
|
0-0: Ball 1-0: Grounds into double play, 6-4-3 (Groundball, 6, EV 100.6 MPH)
|
| Top of the 4th over - 0 runs, 1 hit, 0 errors, 0 left on base; Houston 0 - Oakland 1 |
| BOTTOM OF THE 4TH |
|
Oakland Athletics batting - Pitching for Houston Astros : RHP Moises Hernandez Jr.
|
|
Batting: RHB Jorge Severiano
|
0-0: Ball 1-0: Ground out 4-3 (Groundball, 13, EV 86.2 MPH)
|
|
Batting: SHB Quincy Bradford
|
0-0: Called Strike 0-1: Ball 1-1: Fly out, F9 (Flyball, 89D, EV 91.2 MPH)
|
|
Batting: LHB Tom Butterbaugh
|
0-0: Ball 1-0: DOUBLE (Flyball, 8RXD, EV 93.8 MPH)
|
|
Batting: LHB Jeff Luvisi
|
0-0: Ball 1-0: Ball 2-0: Ground out 6-3 (Groundball, 56, EV 108.1 MPH)
|
| Bottom of the 4th over - 0 runs, 1 hit, 0 errors, 1 left on base; Houston 0 - Oakland 1 |
| TOP OF THE 5TH |
|
Houston Astros batting - Pitching for Oakland Athletics : RHP Corbin Schenn
|
|
Batting: SHB Paskar Adegoke
|
0-0: Ball 1-0: Ball 2-0: Called Strike 2-1: Foul Ball, location: 2F 2-2: Foul Ball, location: 2F 2-2: Foul Ball, location: 2F 2-2: Ball 3-2: Base on Balls
|
|
Batting: SHB Alvare Bairro
|
0-0: Sac Bunt to 15S - play at first, batter OUT! 1-3 Paskar Adegoke to second
|
|
Batting: RHB Jesse Scott
|
0-0: Swinging Strike 0-1: Swinging Strike 0-2: Ball 1-2: Strikes out swinging
|
|
Batting: LHB Eric Katz
|
0-0: Swinging Strike 0-1: Fly out, F7 (Flyball, 7LM, EV 87.5 MPH)
|
| Top of the 5th over - 0 runs, 0 hits, 0 errors, 1 left on base; Houston 0 - Oakland 1 |
| BOTTOM OF THE 5TH |
|
Oakland Athletics batting - Pitching for Houston Astros : RHP Moises Hernandez Jr.
|
|
Batting: LHB Juan Concepcion
|
0-0: Ball 1-0: Foul Ball, location: 2F 1-1: Foul Ball, location: 2F 1-2: Ball 2-2: Ball 3-2: Strikes out swinging
|
|
Batting: RHB Nick Gentzel
|
0-0: Ball 1-0: Ball 2-0: Called Strike 2-1: Ball 3-1: SINGLE (Groundball, 4M, EV 82.5 MPH) (infield hit)
|
|
Batting: LHB R.J. O'Brien
|
0-0: Ball 1-0: Foul Ball, location: 2F 1-1: SINGLE (Groundball, 13, EV 82.5 MPH) (infield hit) Nick Gentzel to second
|
|
Batting: RHB Robby Juarez
|
0-0: Ball 1-0: Ball 2-0: Called Strike Nick Gentzel steals 3rd base R.J. O'Brien to second 2-1: Fly out, F7 (Flyball, 7D, EV 96.2 MPH) Runner from 3rd tags up, OUT at HOME! 7-2
|
| Bottom of the 5th over - 0 runs, 2 hits, 0 errors, 1 left on base; Houston 0 - Oakland 1 |
| TOP OF THE 6TH |
|
Houston Astros batting - Pitching for Oakland Athletics : RHP Corbin Schenn
|
|
Batting: LHB Jack Christie
|
0-0: Ball 1-0: Ball 2-0: Foul Ball, location: 2F 2-1: Swinging Strike 2-2: Strikes out swinging
|
|
Batting: LHB Bryce Hill
|
0-0: Swinging Strike 0-1: Swinging Strike 0-2: Strikes out looking
|
|
Batting: LHB Mark Dearth
|
0-0: SINGLE (Flyball, 78S, EV 88.8 MPH)
|
|
Batting: LHB Josh Corkery
|
0-0: Ball 1-0: Ball 2-0: Ball 3-0: Called Strike 3-1: Called Strike 3-2: Foul Ball, location: 2F 3-2: Strikes out swinging
|
| Top of the 6th over - 0 runs, 1 hit, 0 errors, 1 left on base; Houston 0 - Oakland 1 |
| BOTTOM OF THE 6TH |
|
Oakland Athletics batting - Pitching for Houston Astros : RHP Moises Hernandez Jr.
|
|
Batting: LHB Bob Branham
|
0-0: Ball 1-0: Swinging Strike 1-1: Swinging Strike 1-2: Strikes out looking
|
|
Batting: RHB Jorge Severiano
|
0-0: Ball 1-0: Called Strike 1-1: Swinging Strike 1-2: Ball 2-2: Ball 3-2: Strikes out swinging
|
|
Batting: SHB Quincy Bradford
|
0-0: Foul Ball, location: 2F 0-1: Foul Ball, location: 2F 0-2: Strikes out swinging
|
| Bottom of the 6th over - 0 runs, 0 hits, 0 errors, 0 left on base; Houston 0 - Oakland 1 |
| TOP OF THE 7TH |
|
Houston Astros batting - Pitching for Oakland Athletics : RHP Corbin Schenn
|
|
Batting: RHB Eric Chotkowski
|
0-0: Fly out, F8 (Line Drive, 8LM, EV 90.6 MPH)
|
|
Batting: SHB Paskar Adegoke
|
0-0: Ball 1-0: Foul Ball, location: 2F 1-1: Swinging Strike 1-2: Foul Ball, location: 2F 1-2: Ball 2-2: Strikes out looking
|
|
Batting: SHB Alvare Bairro
|
0-0: Called Strike 0-1: Ground out 4-3 (Groundball, P, EV 83.1 MPH)
|
| Top of the 7th over - 0 runs, 0 hits, 0 errors, 0 left on base; Houston 0 - Oakland 1 |
| BOTTOM OF THE 7TH |
|
Oakland Athletics batting - Pitching for Houston Astros : RHP Moises Hernandez Jr.
|
|
Batting: LHB Tom Butterbaugh
|
0-0: Swinging Strike 0-1: Called Strike 0-2: Ball 1-2: Ground out U3 (Groundball, 13, EV 86.9 MPH)
|
|
Batting: LHB Jeff Luvisi
|
0-0: Called Strike 0-1: SINGLE (Groundball, 56, EV 98.1 MPH) (infield hit)
|
|
Batting: LHB Juan Concepcion
|
0-0: Ball 1-0: Ball 2-0: Called Strike 2-1: Foul Ball, location: 2F 2-2: Foul Ball, location: 2F 2-2: Foul Ball, location: 2F 2-2: Strikes out swinging
|
|
Batting: RHB Nick Gentzel
|
Pickoff Throw to First - Out! 1-3
|
| Bottom of the 7th over - 0 runs, 1 hit, 0 errors, 0 left on base; Houston 0 - Oakland 1 |
| TOP OF THE 8TH |
|
Houston Astros batting - Pitching for Oakland Athletics : RHP Corbin Schenn
|
|
Pitching: RHP Hunter Vanderhyden
|
|
|
Now at C: Garry Hash
|
|
|
Batting: RHB Jesse Scott
|
0-0: Swinging Strike 0-1: Swinging Strike 0-2: Strikes out looking
|
|
Batting: LHB Eric Katz
|
0-0: Foul Ball, location: 2F 0-1: Foul Ball, location: 2F 0-2: Ball 1-2: SINGLE (Line Drive, 3D, EV 95.0 MPH)
|
|
Batting: LHB Jack Christie
|
0-0: Ball 1-0: Swinging Strike 1-1: Ball 2-1: Foul Ball, location: 2F 2-2: Foul Ball, location: 2F 2-2: Foul Ball, location: 2F 2-2: Strikes out swinging
|
|
Batting: LHB Bryce Hill
|
0-0: Ball 1-0: SINGLE (Line Drive, 8LS, EV 106.2 MPH) Eric Katz to second
|
|
Batting: LHB Mark Dearth
|
0-0: Foul Ball, location: 2F 0-1: Ball 1-1: Called Strike 1-2: Foul Ball, location: 2F 1-2: Strikes out swinging
|
| Top of the 8th over - 0 runs, 2 hits, 0 errors, 2 left on base; Houston 0 - Oakland 1 |
| BOTTOM OF THE 8TH |
|
Oakland Athletics batting - Pitching for Houston Astros : RHP Moises Hernandez Jr.
|
|
Batting: RHB Nick Gentzel
|
0-0: Swinging Strike 0-1: Called Strike 0-2: Strikes out swinging
|
|
Batting: LHB R.J. O'Brien
|
0-0: Ball 1-0: Foul Ball, location: 2F 1-1: Ball 2-1: Swinging Strike 2-2: Strikes out swinging
|
|
Batting: RHB Robby Juarez
|
0-0: Fly out, F7 (Flyball, 7, EV 88.8 MPH)
|
| Bottom of the 8th over - 0 runs, 0 hits, 0 errors, 0 left on base; Houston 0 - Oakland 1 |
| TOP OF THE 9TH |
|
Houston Astros batting - Pitching for Oakland Athletics : RHP Hunter Vanderhyden
|
|
Pitching: RHP Charlie Shook
|
|
|
Batting: LHB Josh Corkery
|
0-0: Fly out, F9 (Flyball, 9D, EV 92.5 MPH)
|
|
Batting: RHB Eric Chotkowski
|
0-0: Ball 1-0: Called Strike 1-1: Fly out, F9 (Flyball, 9D, EV 95.6 MPH)
|
|
Batting: SHB Paskar Adegoke
|
0-0: Called Strike 0-1: SINGLE (Line Drive, 9LS, EV 86.2 MPH)
|
|
Batting: SHB Alvare Bairro
|
0-0: Ground out 6-3 (Groundball, 56D, EV 107.5 MPH)
|
| Top of the 9th over - 0 runs, 1 hit, 0 errors, 1 left on base; Houston 0 - Oakland 1 |
|